 Dungeon Crawl Stone Soup version 0.25.0-15-gac7dcb8919 (webtiles) character file.

Game seed: 10188772895353168984

122 sking99 the Charlatan (level 5, -5/38 HPs)
             Began as a Formicid Artificer on June 28, 2020.
             Killed by divine providence
             ... invoked by an orc priest
              (15 damage)
             ... on level 3 of the Dungeon.
             The game lasted 00:06:59 (3219 turns).

sking99 the Charlatan (Formicid Artificer)          Turns: 3219, Time: 00:07:00

Health: -5/38      AC:  4    Str: 18    XL:     5   Next: 27%
Magic:  8/8        EV: 11    Int: 10    God:
Gold:   79         SH:  4    Dex: 11    Spells: 4/4 levels left

rFire    . . .     SeeInvis +   B - +2 falchion (holy)
rCold    . . .     Gourm    .   k - +0 buckler
rNeg     . . .     Faith    .   b - +0 leather armour
rPois    .         Spirit   .   (helmet unavailable)
rElec    .         Reflect  .   (no cloak)
rCorr    .         Harm     .   u - +0 pair of gloves
MR       .....                  (no boots)
Stlth    +.........             (no amulet)
HPRegen  0.12/turn              (no ring)
MPRegen  0.11/turn              (no ring)

@: no status effects
A: permanent stasis, dig shafts and tunnels, four strong arms, antennae 3
a: Dig, Shaft Self


You were on level 3 of the Dungeon.
You were not hungry.

You visited 1 branch of the dungeon, and saw 3 of its levels.

You collected 79 gold pieces.

Inventory:

Hand Weapons
 B - a +2 falchion of holy wrath (weapon)
Armour
 b - a +0 leather armour (worn)
 k - a +0 buckler (worn)
 u - a +0 pair of gloves (worn)
Jewellery
 p - an uncursed amulet of reflection {unknown}
 q - a +4 ring of protection {unknown}
 s - a cursed amulet of inaccuracy {unknown}
 x - a +6 ring of strength {unknown}
 y - an uncursed ring of protection from cold {unknown}
Wands
 c - a wand of flame (15)
 d - a wand of enslavement (15)
 e - a wand of random effects (15)
Scrolls
 g - 8 scrolls of identify {unknown}
 h - a scroll of teleportation {unknown}
 j - a scroll of fear {unknown}
 m - a scroll of immolation {unknown}
 o - 3 scrolls of remove curse {unknown}
 t - 2 scrolls of amnesia {unknown}
 w - a scroll of random uselessness {unknown}
Potions
 l - a potion of mutation {unknown}
 n - 2 potions of curing {unknown}
 r - 2 potions of degeneration {unknown}
 v - a potion of invisibility {unknown}
 z - a potion of might {unknown}
Comestibles
 f - 4 rations
 A - a chunk of flesh


   Skills:
 + Level 1.7 Fighting
   Level 1.0 Short Blades
 * Level 0.0(0.4) Long Blades
   Level 3.0 Maces & Flails
 - Level 1.7 Dodging
 - Level 1.2 Stealth
 + Level 1.9 Shields
 + Level 4.1 Evocations


You had 4 spell levels left.
You didn't know any spells.
Your spell library was empty.

Dungeon Overview and Level Annotations

Branches:
Dungeon (3/15)

Altars:
Okawaru


Innate Abilities, Weirdness & Mutations

You cannot be hasted, slowed, berserked, paralysed or teleported.
You can dig through walls and to a lower floor.
Your four strong arms can wield two-handed weapons with a shield.
You have a pair of large antennae on your head. (SInv)


Message History

There are monsters nearby!
There are monsters nearby!
The orc shouts!
You hear a shout! x2
The orc throws a stone.
The stone closely misses you.
You see here a stone.
You see here an iron ring.
The orc priest looks braver for a moment.
You hit the orc priest.
The orc priest is lightly wounded.
The orc priest hits you with a +0 morningstar!
You hit the orc priest.
The orc priest is heavily wounded.
The orc priest calls down the wrath of Beogh upon you.
Beogh smites you!
The orc priest invokes the aid of Beogh against you.
Beogh smites you!
* * * LOW HITPOINT WARNING * * *
The orc priest calls down the wrath of Beogh upon you.
Beogh smites you!
You die...

#.o(# ...o#..<... #{.=#
...o#...### #...# ≈..##.###
#...# ..###.##### #.o{#
#########..#.... ##o###
..^..........### #.og#
#.#.....#..... #
#.#o#####.##..#.#.....
#...#..@....##..#....... #.
##.###.#####.........###.....
#..
....#...#....#.#...####.....
##..##.#.#
#.#.##.#.#........####
#......#.###........#..#######
#...##....[...###.###..#
#....#>#.###.####.###..#
#.#..#.#.....÷..#....<##
#...............#####.####


You could see 2 orc priests and an orc.

Vanquished Creatures
  Robin (D:2)
  6 adders
  2 worms (D:2)
  A dart slug (D:1)
  A ball python (D:1)
  5 bats
  A giant cockroach (D:3)
  15 goblins
  5 hobgoblins
  6 kobolds
  2 quokkas (D:2)
  A frilled lizard (D:3)
  2 rats (D:1)
48 creatures vanquished.

Notes
Turn   | Place    | Note
-------+----------+-------------------------------------------
     0 | D:1      | sking99 the Formicid Artificer began the quest for the Orb.
     0 | D:1      | Reached XP level 1. HP: 15/15 MP: 3/3
   490 | D:1      | Reached XP level 2. HP: 21/21 MP: 4/4
   504 | D:1      | Reached skill level 1 in Maces & Flails
   966 | D:2      | Reached XP level 3. HP: 27/27 MP: 5/5
  1552 | D:2      | Identified the +2 helmet of the Endless Expanse {*Drain
                  | rCorr Int+3}
  1552 | D:2      | Noticed Robin
  1588 | D:2      | Reached XP level 4. HP: 27/33 MP: 6/6
  1599 | D:2      | Reached skill level 1 in Shields
  1755 | D:2      | Killed Robin
  2056 | D:2      | Reached skill level 4 in Evocations
  2427 | D:2      | Found an iron altar of Okawaru.
  2594 | D:2      | Reached XP level 5. HP: 29/38 MP: 8/8
  3219 | D:3      | Killed from afar by an orc priest

Illustrated notes

Levels and vault maps discovered:
D:1:      minmay_arrival_shoal_huts, layout_basic, minmay_pentomino_q2
D:2:      layout_basic, minmay_strange_pillars, kennysheep_okawaru_gauntlet,
          uniq_robin
D:3:      cheibrodos_pilgrimage, layout_loops_cross

Skill      XL: |  1  2  3  4  5 |
---------------+----------------+-----
Maces & Flails | 1 2 3 |  3.0
Shields        | 1 |  1.9
Evocations     | 4 |  4.1
Fighting       | |  1.7
Short Blades   | |  1.0
Dodging        | |  1.7
Stealth        | |  1.2

Action                   |  1- 3 |  4- 6 || total
-------------------------+-------+-------++-------
Melee: Mace              |    75 |    77 ||   152
       Falchion          |       |    11 ||    11
 Abil: Dig               |       |     1 ||     1
 Stab: Sleeping          |     1 |       ||     1
  Eat: Chunk             |     2 |     5 ||     7
Armor: Leather armour    |    18 |    24 ||    42
Dodge: Dodged            |    52 |    68 ||   120
Block: Buckler           |     2 |    16 ||    18
       Rpst.: Falchion   |       |     2 ||     2
